 Dungeon Sprint DCSS version 0.17-a0-777-g32247ce (webtiles) character file.

2178 lorenzova the Brawler (level 9, -4/120 HPs)
             Began as a Troll Monk on Apr 25, 2015.
             Was a Priest of Qazlal.
             Slain by a demonic crawler (7 damage)
             ... in the Dungeon (Sprint I: "Red Sonja").
             The game lasted 00:03:33 (717 turns).

lorenzova the Brawler (Troll Monk)                   Turns: 717, Time: 00:03:34

Health: -4/120     AC:  5    Str: 34    XL:     9   Next: 11%
Magic:  8/8        EV: 10    Int:  6    God:    Qazlal [***...]
Gold:   32         SH:  4    Dex: 15    Spells: 0 memorised, 8 levels left

rFire  . . .     SeeInvis .       - Unarmed
rCold  . . .     Clarity  .     a - +0 robe
rNeg   . . .     SustAb   .     (no shield)
rPois  .         Gourm    +     (helmet restricted)
rElec  .         Spirit   .     (no cloak)
rCorr  .         Warding  .     (gloves unavailable)
rMut   .         NoTele   +     (boots unavailable)
MR     .....                    (no amulet)
Stlth  ..........               (no ring)
                                l - ring of the Forsaken Tales {Str+5 Dex+3}

@: berserking, very quick, not resistant to hostile enchantments, extremely
unstealthy
A: unfitting armour, claws 3, fast metabolism 3, gourmand, regeneration 2,
shaggy fur 1, tough skin 2, no device heal 1
a: Upheaval, Elemental Force, Renounce Religion


You were in the Dungeon.
You worshipped Qazlal.
Qazlal was most pleased with you.
You were very full.

You visited 1 branch You collected 740 gold pieces.
You spent 708 gold pieces at shops.

Inventory:

Armour
 a - a +0 robe (worn)
Jewellery
 l - the ring of the Forsaken Tales (left claw) {Str+5 Dex+3}
   (You bought it in a shop in the Dungeon)

   [ring of strength]

   It affects your strength (+5).
   It affects your dexterity (+3).
Magical devices
 k - a wand of digging (8)
Scrolls
 h - a scroll of blinking
 i - a scroll of identify {unknown}
Potions
 c - 4 potions of curing
 d - a potion of heal wounds
 e - 2 potions of haste
 f - 2 potions of magic
Comestibles
 b - 2 bread rations


   Skills:
 - Level 2.4 Fighting
 - Level 2.4 Dodging
 - Level 1.1 Stealth
 + Level 19.2 Unarmed Combat


You had 8 spell levels left.
You didn't know any spells.

Dungeon Overview and Level Annotations

Branches:
Dungeon (1/1)

Altars:
Cheibriados
Dithmenos
Elyvilon
Fedhas
Gozag
Kikubaaqudgha
Makhleb
Nemelex Xobeh
Okawaru
Qazlal
Ru
Sif Muna
Trog
Vehumet
Xom
Yredelemnul
Zin
The Shining One
Jiyva

Shops:
D !=


Innate Abilities, Weirdness & Mutations

You are too large for most types of armour.
You have claws for hands.
Your metabolism is lightning-fast.
You like to eat raw meat.
You heal very quickly.
You are covered in fur (AC +1).
You have very tough skin (AC +2).
Potions and wands are less effective at restoring your health.


Message History

The demonic crawler hits you.
* * * LOW HITPOINT WARNING * * *
The demonic crawler misses you. The demonic crawler barely misses you.
You mangle the demonic crawler!!
You kill the demonic crawler!
Qazlal accepts your kill.
Your Unarmed Combat skill increases to level 19!
You have reached level 9!
Your experience leads to an increase in your attributes!
Your base attributes are Str 22, Int 6, Dex 12.
Increase (S)trength, (I)ntelligence, or (D)exterity?
You feel stronger. x2
You claw the demonic crawler!
The demonic crawler is moderately wounded.
The demonic crawler hits you.
* * * LOW HITPOINT WARNING * * *
The demonic crawler hits you.
* * * LOW HITPOINT WARNING * * *
The demonic crawler hits you!
You die...

##################
.#..'..#__#..')..#
.').#..'..'..#)..##+#
'#####'#__####..@ss.#
.#...#.#### #####..+
##..##.# ## _##'#..+
..')(._# _##_.#'#
_###(#)# ####.###
..'...+


You could see 2 demonic crawlers.

Vanquished Creatures
  Sonja (D)
  2 kobold demonologists (D)
  2 demonic crawlers (D)
  A slime creature (D)
  A yak (D)
  Sigmund (D)
  An ogre (D)
  A jelly (D)
  Ijyb (D)
  A giant eyeball (D)
  2 ballistomycetes (D)
14 creatures vanquished.

Vanquished Creatures (others)
  2 giant spores (D)
2 creatures vanquished.

Grand Total: 16 creatures vanquished

Notes
Turn   | Place    | Note
--------------------------------------------------------------
     0 | D        | lorenzova, the Troll Monk, began the quest for the Orb.
     0 | D        | Reached XP level 1. HP: 22/22 MP: 0/0
     1 | D        | Noticed Ijyb
    76 | D        | Killed Ijyb
    76 | D        | Reached skill level 7 in Unarmed Combat
    76 | D        | Reached XP level 2. HP: 29/29 MP: 1/1
   234 | D        | Noticed an ogre
   239 | D        | Killed an ogre
   239 | D        | Reached skill level 10 in Unarmed Combat
   239 | D        | Reached XP level 3. HP: 12/36 MP: 2/2
   239 | D        | Reached XP level 4. HP: 14/44 MP: 3/3
   317 | D        | Noticed Sigmund
   322 | D        | Killed Sigmund
   322 | D        | Reached skill level 12 in Unarmed Combat
   322 | D        | Reached XP level 5. HP: 50/50 MP: 4/4
   335 | D        | Found a snail-covered altar of Cheibriados.
   335 | D        | Found a viscous altar of Jiyva.
   335 | D        | Found a shadowy altar of Dithmenos.
   335 | D        | Found a blossoming altar of Fedhas.
   335 | D        | Noticed a slime creature
   342 | D        | Killed a slime creature
   342 | D        | Reached skill level 14 in Unarmed Combat
   342 | D        | Reached XP level 6. HP: 16/59 MP: 5/5
   416 | D        | Found a deep blue altar of Sif Muna.
   416 | D        | Noticed a jelly
   418 | D        | Found a radiant altar of Vehumet.
   423 | D        | Killed a jelly
   436 | D        | Found Borchaakk's Jewellery Emporium.
   436 | D        | Found a white marble altar of Elyvilon.
   436 | D        | Found a burning altar of Makhleb.
   436 | D        | Found a sacrificial altar of Ru.
   436 | D        | Found a glowing golden altar of the Shining One.
   436 | D        | Found an opulent altar of Gozag.
   436 | D        | Found a glowing silver altar of Zin.
   436 | D        | Noticed a yak
   439 | D        | Killed a yak
   439 | D        | Reached skill level 15 in Unarmed Combat
   439 | D        | Reached XP level 7. HP: 50/66 MP: 6/6
   440 | D        | Found a stormy altar of Qazlal.
   440 | D        | Found a basalt altar of Yredelemnul.
   440 | D        | Found an iron altar of Okawaru.
   440 | D        | Found a sparkling altar of Nemelex Xobeh.
   440 | D        | Found a shimmering altar of Xom.
   440 | D        | Found an ancient bone altar of Kikubaaqudgha.
   455 | D        | Found a bloodstained altar of Trog.
   457 | D        | Became a worshipper of Qazlal Stormbringer
   457 | D        | Acquired Qazlal's first power
   457 | D        | Acquired Qazlal's second power
   508 | D        | Noticed a kobold demonologist
   509 | D        | Noticed a kobold demonologist
   511 | D        | Killed a kobold demonologist
   511 | D        | Reached skill level 16 in Unarmed Combat
   515 | D        | Gained mutation: Potions and wands are less effective at restoring your health. [a neqoxec]
   516 | D        | Noticed a sixfirhy
   516 | D        | Killed a kobold demonologist
   516 | D        | Reached skill level 17 in Unarmed Combat
   516 | D        | Reached XP level 8. HP: 70/74 MP: 7/7
   516 | D        | Paralysed by a giant eyeball for 2 turns
   543 | D        | Noticed Sonja
   547 | D        | Killed Sonja
   547 | D        | Reached skill level 18 in Unarmed Combat
   567 | D        | Found Saush's Distillery.
   683 | D        | Bought the ring of the Forsaken Tales {Str+5 Dex+3} for 708 gold pieces
   704 | D        | Noticed a demonic crawler
   704 | D        | Noticed a demonic crawler
   704 | D        | Noticed a demonic crawler
   704 | D        | Noticed a demonic crawler
   707 | D        | Killed a demonic crawler
   707 | D        | Acquired Qazlal's third power
   715 | D        | Killed a demonic crawler
   715 | D        | Reached skill level 19 in Unarmed Combat
   715 | D        | Reached XP level 9. HP: 6/80 MP: 8/8
   717 | D        | HP: 6/120 [demonic crawler (1)]
   717 | D        | Slain by a demonic crawler

Action                   |  1- 3 |  4- 6 |  7- 9 || total
-------------------------+-------+-------+-------++-------
Melee: Unarmed           |    23 |    14 |    25 ||    62
  Use: Potion            |       |       |     1 ||     1
  Eat: Chunk             |     2 |     4 |     4 ||    10
